 Dungeon Crawl Stone Soup version 0.25.1-2-g60ff931df9 (webtiles) character file.

Game seed: 668776038171917895

152 funkygono the Covered (level 5, -2/33 HPs)
             Began as a Gargoyle Fighter on Sept 25, 2020.
             Was an Initiate of the Shining One.
             Slain by an ogre
             ... wielding a +0 giant club
              (10 damage)
             ... on level 3 of the Dungeon.
             The game lasted 00:03:59 (2182 turns).

funkygono the Covered (Gargoyle Fighter)            Turns: 2182, Time: 00:04:00

Health: -2/33      AC: 18    Str: 20    XL:     5   Next: 34%
Magic:  5/5        EV:  9    Int:  9    God:    the Shining One [......]
Gold:   98         SH:  0    Dex:  9    Spells: 4/4 levels left

rFire    . . .     SeeInvis .   j - +2 flail (protect)
rCold    . . .     Gourm    .   (no shield)
rNeg     + . .     Faith    .   b - +0 scale mail
rPois    ∞         Spirit   .   (no helmet)
rElec    +         Reflect  .   (no cloak)
rCorr    .         Harm     .   (no gloves)
MR       .....                  (no boots)
Stlth    ..........             (no amulet)
HPRegen  0.11/turn              (no ring)
MPRegen  0.09/turn              (no ring)

@: protection aura, glowing
A: negative energy resistance 1, electricity resistance, unbreathing,
petrification resistance, rot immunity, AC +4
a: Renounce Religion


You were on level 3 of the Dungeon.
You worshipped the Shining One.
The Shining One was noncommittal.
You were not hungry.

You visited 1 branch of the dungeon, and saw 3 of its levels.

You collected 98 gold pieces.

Inventory:

Hand Weapons
 j - a +2 flail of protection (weapon)
Missiles
 g - 20 arrows
Armour
 b - a +0 scale mail (worn)
 c - a +0 kite shield
Scrolls
 a - a scroll of identify
Potions
 d - a potion of might
 e - 2 potions of haste
 h - a potion of heal wounds
 m - a potion of curing
 n - a potion of cancellation {unknown}
Comestibles
 f - 3 rations
 i - 19 chunks of flesh


   Skills:
 + Level 3.8 Fighting
 + Level 3.8 Maces & Flails
 + Level 4.3 Armour
 + Level 0.6 Dodging
 + Level 3.7 Shields


You had 4 spell levels left.
You didn't know any spells.
Your spell library was empty.

Dungeon Overview and Level Annotations

Branches:
Dungeon (3/15)

Altars:
Gozag
The Shining One


Innate Abilities, Weirdness & Mutations

You are resistant to torment.
Your stone body is resilient. (AC +4)
You are immune to poison.
You resist negative energy. (rN+)
You are resistant to electric shocks. (rElec)
You can survive without breathing.
You are immune to petrification.
You are immune to rotting.


Message History

You sock the ogre!
Your weapon exudes an aura of protection.
The ogre is severely wounded.
The ogre hits you with a +0 giant club!
You hit the ogre.
The ogre is severely wounded.
You barely miss the ogre.
The ogre is severely wounded.
The ogre hits you with a +0 giant club.
* * * LOW HITPOINT WARNING * * *
You barely miss the ogre.
The ogre is severely wounded.
The ogre closely misses you.
You hit the ogre.
The ogre is almost dead.
The ogre barely misses you.
You barely miss the ogre.
The ogre is almost dead.
The ogre hits you with a +0 giant club!
You die...

#. ..# #.# #.# #.# #.#
##.## ##.###### #
####...####.......##
##...[..#.............#
##.!. ##$..###...#.....#
#.....#.$...............
......O@.....(.#.#..>..#
#.........######.##.#..#
##...#..#...# #)##>#..#
#... #......# #.##)#...
.#. ....#...# #.##....#
# ######..## ..###..##
#..# .####..##
#...##.####.##
.......S..##


You could see an ogre.

Vanquished Creatures
  An orc wizard (D:3)
  4 adders
  A gnoll (D:3)
  3 oozes
  2 worms (D:2)
  2 dart slugs
  A leopard gecko (D:2)
  6 orcs (D:3)
  7 bats
  3 giant cockroaches (D:1)
  6 goblins
  3 hobgoblins
  6 frilled lizards
  5 kobolds
  11 rats
61 creatures vanquished.

Notes
Turn   | Place    | Note
-------+----------+-------------------------------------------
     0 | D:1      | funkygono the Gargoyle Fighter began the quest for the Orb.
     0 | D:1      | Reached XP level 1. HP: 14/14 MP: 1/1
   128 | D:1      | Reached XP level 2. HP: 16/19 MP: 2/2
   488 | D:1      | Reached XP level 3. HP: 23/23 MP: 3/3
  1151 | D:2      | Found a glowing golden altar of the Shining One.
  1166 | D:2      | Became a worshipper of the Shining One
  1382 | D:2      | Reached XP level 4. HP: 18/29 MP: 4/4
  1779 | D:2      | Reached skill level 4 in Armour
  2007 | D:3      | Reached XP level 5. HP: 25/33 MP: 5/5
  2105 | D:3      | Found an opulent altar of Gozag.
  2173 | D:3      | Noticed an ogre
  2182 | D:3      | Slain by an ogre

Illustrated notes

Levels and vault maps discovered:
D:1:      minmay_arrival_diagonal_passages, layout_basic
D:2:      layout_loops_ring, lemuel_crystal_altar
D:3:      layout_loops_ring, old_standard_altar, uniq_natasha

Skill      XL: |  1  2  3  4 |
---------------+-------------+-----
Maces & Flails | 3 |  3.8
Armour         | 4 |  4.3
Fighting       | |  3.8
Dodging        | |  0.6
Shields        | |  3.7

Action                   |  1- 3 |  4- 6 || total
-------------------------+-------+-------++-------
Melee: Flail             |   175 |    91 ||   266
  Use: Scroll            |     1 |     4 ||     5
  Eat: Chunk             |     2 |     3 ||     5
Armor: Scale mail        |   119 |    40 ||   159
Dodge: Dodged            |    67 |    39 ||   106
Block: Kite shield       |    71 |       ||    71
